 Dungeon Crawl Stone Soup version 0.32-a0-128-g77eb882913 (webtiles) character file.

Game seed: 15525087750035874140

6 Esekla the Sneak (level 1, -5/16 HPs)
             Began as an Octopode Delver on Feb 7, 2024.
             Killed from afar by a white imp (11 damage)
             ... with a puff of frost
             ... on level 5 of the Dungeon.
             The game lasted 00:02:56 (161 turns).

Esekla the Sneak (Octopode Delver)                   Turns: 161, Time: 00:02:57

Health: -5/16      AC:  1    Str: 11    XL:     1   Next: 90%
Magic:  1/1        EV: 13    Int: 12    God:
Gold:   30         SH:  0    Dex: 13    Spells: 0/0 levels left

rFire   . . .        a - +0 falchion
rCold   . . .        (no shield)
rNeg    . . .        (helmet restricted)
rPois   .            (no amulet)
rElec   .            (no ring)
rCorr   .            (no ring)
SInv    .            (no ring)
Will    .....        (no ring)
Stlth   ++++         (no ring)
HPRegen 0.22/turn    (no ring)
MPRegen 0.07/turn    (no ring)
                     (no ring)

%: no passive effects
@: no status effects
A: almost no armour, amphibious, 8 rings, camouflage 1, gelatinous body 1,
(nimble swimmer 1), tentacles
a: no special abilities


You were on level 5 of the Dungeon.
You visited 1 branch of the dungeon, and saw 1 of its levels.

You collected 30 gold pieces.

Inventory:

Hand Weapons
 a - a +0 falchion (weapon)
Wands
 f - a wand of digging (1)
Scrolls
 b - a scroll of fog
 d - a scroll of fear
Potions
 c - a potion of heal wounds {unknown}
 e - a potion of haste


   Skills:
 * Level 3.0 Fighting
 + Level 2.0 Long Blades
 * Level 2.0 Dodging
 + Level 7.1 Stealth


You couldn't memorise any spells.
You didn't know any spells.
Your spell library was empty.

Dungeon Overview and Level Annotations

Branches:
Dungeon (5/15)
 Temple: D:4-7

Altars:
Uskayaw


Innate Abilities, Weirdness & Mutations

You cannot wear most types of armour.
You are amphibious.
You can wear up to eight rings at the same time.
Your skin changes colour to match your surroundings (Stealth+).
Your rubbery body absorbs attacks. (AC +1, EV +1)
((You are camouflaged when in or above water. (Stealth+)))
You have tentacles for arms and can constrict up to eight enemies at once.


Message History

You kill the jackal!
You now have 16 gold pieces.
A scorpion comes into view.
A quokka comes into view.
A malevolent force fills the Dungeon... and a teleportation trap spontaneously manifests!
You are yanked towards a nearby monster!
Your surroundings suddenly seem different.
The quokka moves out of view.
You don't have any such object.
Fire/throw/use which item? ([*] to toss any item) (? for menu, Esc to quit)
Huh?
Fire/throw/use which item? ([*] to toss any item) (? for menu, Esc to quit)
Okay, then.
Aiming: Dig
Press: ? - help, Shift-Dir - straight line A rock wall.
The rock shatters into small pieces.
The iguana hisses angrily.
The iguana hisses menacingly.
You open the door.
There is an open door here.
Found 14 gold pieces.
You close the door.
You now have 30 gold pieces (gained 14).
Aiming: Dig
Press: ? - help, Shift-Dir - straight line The rock shatters into small pieces.
A white imp comes into view.
The white imp shouts!
The white imp shouts, "Run away, thou foisting fool-headed snaffler!"
The white imp gestures at you. The puff of frost hits you!
Ouch! That really hurt!
Found a hide-covered altar of Uskayaw.
The white imp barely misses you.
You hit the white imp but do no damage. Your grab misses the white imp.
You squeeze the white imp, but do no damage.
The white imp gestures at you. The puff of frost hits you!
Ouch! That really hurt!
You die...

*,* *,*#.# *,********** *,*#.#
######### *,*,,,,,,,,*
*,*#.######........ *,*,,,,,,,,*
*,*#.##............
**,*,,,,,,,,***,*#...............
*,,,,,,,,,,,+,,,*#...............
****,,,,,,,,****##....###........
*,,,,,...#####.##### #........
*****,.......@## #........
*,,,......5.# #........
*,*,_.#.....# #########
*,,,........# ****........#
*........# *........# *#########


You could see a white imp.

Vanquished Creatures
  An orc (D:5)
  3 jackals (D:5)
4 creatures vanquished.

Notes
Turn   | Place    | Note
-------+----------+-------------------------------------------
     0 | D:5      | Esekla the Octopode Delver began the quest for the Orb.
     0 | D:5      | Reached XP level 1. HP: 16/16 MP: 1/1
    61 | D:5      | Noticed an iguana
    98 | D:5      | Reached skill level 7 in Stealth
   109 | D:5      | Noticed a scorpion
   160 | D:5      | Found a hide-covered altar of Uskayaw.
   161 | D:5      | Killed from afar by a white imp

Illustrated notes

Levels and vault maps discovered:
D:5:      layout_basic, mainiacjoe_overflow_tiny_flanked

Skill      XL: |  1 |
---------------+----+-----
Stealth        | 7 |  7.1
Fighting       | |  3.0
Long Blades    | |  2.0
Dodging        | |  2.0

Action                     || total
---------------------------++-------
  Melee: Falchion          ||    11
         Tentacles         ||     4
         Constrict         ||     3
  Evoke: Wand              ||     2
    Use: Scroll            ||     1
 Armour: Skin              ||     7
  Dodge: Dodged            ||     7

Table legend: (Time is in decaauts)
 A = Elapsed time spent in this place.
 B = Non-inter-level travel time spent in this place.
 C = Inter-level travel time spent in this place.
 D = Time resting spent in this place.
 E = Time spent auto-exploring this place.
 F = Levels seen in this place.
 G = Mean time per level.
                   A        B        C        D        E       F      G
               +--------+--------+--------+--------+--------+-----+--------+
         Total |    163 |    163 |      0 |     21 |      0 |   1 |  163.0 |
       Dungeon |    163 |    163 |      0 |     21 |      0 |   1 |  163.0 |
               +--------+--------+--------+--------+--------+-----+--------+

Top non-repeatable levels by time:
     D:5: 163 daAuts
